 Dungeon Crawl Stone Soup version 0.31-a0-271-gb88eb75 (webtiles) character file.

Game seed: 16025040962393096347

264415 Dawnplanks the Crack Shot (level 19, 0/111 HPs)
             Began as a Spriggan Hunter on July 14, 2023.
             Was a High Priest of Okawaru.
             Slain by Arachne
             ... wielding a staff of poison
              (9 damage)
             ... in the Arena.
             The game lasted 02:02:04 (42196 turns).

Dawnplanks the Crack Shot (Spriggan Hunter)        Turns: 42196, Time: 02:02:05

Health: 0/111      AC:  4    Str:  7    XL:     19   Next: 65%
Magic:  23/29      EV: 40    Int: 12    God:    Okawaru [*****.]
Gold:   3438       SH:  5    Dex: 29    Spells: 27/29 levels left

rFire   + + +        z - +5 hand crossbow (flame)
rCold   + + +        (no shield)
rNeg    . . .        V - +2 robe {rC+ rF+}
rPois   +            (helmet currently unavailable)
rElec   +            A - melded scarf {repulsion}
rCorr   +            (gloves unavailable)
SInv    +            (boots unavailable)
Will    +++++        E - amulet of reflection
Stlth   ++++++       N - ring of Xom's Entertainment {rElec rF+ rC+ Will+++ Dex-4}
HPRegen 0.38/turn    y - +6 ring of dexterity
MPRegen 0.21/turn

%: reflection
@: beast-form, resistant, duelling, very quick
A: beast (slay +6), very small, no large weapons, unfitting armour, see
invisible, speed 3, thin skeletal structure 1, MP-powered wands
}: 1/15 runes: decaying
a: Begin Untransformation, Renounce Religion, Heroism, Finesse, Duel


You were in the Arena.
You worshipped Okawaru.
Okawaru was extremely pleased with you.
You were a hulking beast.
You visited 7 branches of the dungeon, and saw 34 of its levels.
You also visited: Sewer and Ice Cave.

You collected 4132 gold pieces.
You spent 694 gold pieces at shops.

Inventory:

Hand Weapons
 z - a +5 hand crossbow of flaming (weapon)
Armour
 a - the +5 hat of Okawaru's Inspiration {*Corrode Regen+ Dex+4}
   (Okawaru gifted it to you on level 5 of the Lair of Beasts)

   Dex:       It affects your dexterity (+4).
   Regen:     It increases your rate of health regeneration.
   *Corrode:  It may corrode you when you take damage.
 c - the +3 hat "Wimukeeh" {Will+ Str+3 SInv}
   (Okawaru gifted it to you on level 4 of the Vaults)

   Str:       It affects your strength (+3).
   SInv:      It lets you see invisible.
   Will:      It increases your willpower.
 A - a scarf of repulsion (melded)
 S - the +2 cloak "Jiosigif" {Str+6}
   (Okawaru gifted it to you on level 2 of the Vaults)

   Str:       It affects your strength (+6).
 V - a +2 robe of resistance (worn)
 Y - the +2 robe of Greed {Will+}
   (Okawaru gifted it to you on level 2 of the Orcish Mines)

   Will:      It increases your willpower.
Jewellery
 k - a +5 ring of evasion
 y - a +6 ring of dexterity (right hand)
 E - an amulet of reflection (around neck)
 H - the ring of Suod {rN+ rCorr Int+4}
   (You found it in an ice cave)

   [ring of resist corrosion]

   Int:       It affects your intelligence (+4).
   rN:        It protects you from negative energy.
   rCorr:     It protects you from acid and corrosion.
 N - the ring of Xom's Entertainment (left hand) {rElec rF+ rC+ Will+++ Dex-4}
   (You found it in an ice cave)

   [ring of protection from cold]

   Dex:       It affects your dexterity (-4).
   rF:        It protects you from fire.
   rC:        It protects you from cold.
   rElec:     It insulates you from electricity.
   Will:      It greatly increases your willpower.
 U - the ring "Qusugam" {Fly rPois rC- rN+++}
   (You acquired it on level 2 of the Vaults)

   [ring of poison resistance]

   rC:        It makes you vulnerable to cold.
   rPois:     It protects you from poison.
   rN:        It renders you almost immune to negative energy.
   Fly:       It grants you flight.
Talismans
 l - a beast talisman
Wands
 j - a wand of digging (7)
 C - a wand of quicksilver (20)
Scrolls
 b - 5 scrolls of butterflies
 f - 18 scrolls of teleportation
 g - 5 scrolls of amnesia
 h - 9 scrolls of noise
 n - a scroll of enchant armour
 s - 5 scrolls of blinking
 t - 7 scrolls of poison
 v - 8 scrolls of fog
 w - 2 scrolls of torment
 B - 4 scrolls of revelation
 G - 4 scrolls of immolation
 I - 3 scrolls of vulnerability
 K - 7 scrolls of fear
 T - 12 scrolls of identify
Potions
 d - 3 potions of might
 e - 6 potions of curing
 p - 2 potions of berserk rage
 q - 8 potions of brilliance
 r - 10 potions of enlightenment
 u - 6 potions of mutation
 x - a potion of invisibility
 D - 3 potions of resistance
 O - 4 potions of haste
 P - 2 potions of magic
 Q - a potion of lignification
 R - 5 potions of attraction
 W - 2 potions of cancellation {unknown}
Miscellaneous
 J - a box of beasts
 M - a tin of tremorstones (2/2)


   Skills:
 + Level 16.6 Fighting
 + Level 21.8 Ranged Weapons
 + Level 17.1 Dodging
 - Level 8.2 Stealth
 - Level 5.0 Shields
 + Level 5.6 Spellcasting
 + Level 6.5 Translocations
 + Level 12.7 Invocations
 * Level 9.4 Shapeshifting


You had 27 spell levels left.
You knew the following spells:

 Your Spells              Type           Power      Damage    Failure   Level
a - Blink                 Tloc           38%        N/A       1%          2

Your spell library contained the following spells:

 Spells                   Type           Power      Damage    Failure   Level
 Apportation              Tloc           38%        N/A       1%          1
 Lesser Beckoning         Tloc           38%        N/A       1%          2
 Momentum Strike          Conj/Tloc      22%        3d8       8%          2
 Manifold Assault         Tloc           19%        N/A       13%         4
 Vhi's Electric Charge    Tloc/Air       22%        N/A       14%         3
 Volatile Blastmotes      Fire/Tloc      22%        2d11      14%         3
 Necrotise                Necr           12%        1d4       19%         1
 Sandblast                Erth           6%         2d5       19%         1
 Sting                    Tmut/Pois      12%        1d3       19%         1
 Passwall                 Tmut/Erth      2%         N/A       28%         2
 Poisonous Vapours        Pois/Air       6%         N/A       28%         2
 Static Discharge         Conj/Air       6%         2-3/arc   28%         2
 Wereblood                Tmut           3%         N/A       28%         2
 Iskenderun's Mystic Bla  Conj/Tloc      11%        2d4       43%         4
 Confusing Touch          Hex            3%         N/A       50%         3
 Hailstorm                Conj/Ice       3%         3d3       50%         3
 Inner Flame              Hex/Fire       3%         N/A       50%         3
 Stone Arrow              Conj/Erth      6%         3d7       50%         3
 Airstrike                Air            1%         2d(1-17)  88%         4
 Anguish                  Hex/Necr       1%         N/A       88%         4
 Flame Wave               Conj/Fire      3%         2d5       88%         4
 Fulminant Prism          Conj/Hex       1%         3d5       88%         4
 Olgreb's Toxic Radiance  Pois           3%         N/A       88%         4
 Sticky Flame             Conj/Fire      3%         2d3       88%         4
 Alistair's Intoxication  Tmut/Pois      2%         N/A       99%         5
 Arcjolt                  Conj/Air       1%         1d11      99%         5
 Borgnjor's Vile Clutch   Necr/Erth      1%         N/A       99%         5
 Fireball                 Conj/Fire      1%         3d3       99%         5
 Irradiate                Conj/Tmut      1%         3d12      99%         5
 Iskenderun's Battlesphe  Conj           3%         2d6       99%         5
 Yara's Violent Unravell  Hex/Tmut       1%         3d3       99%         5
 Conjure Ball Lightning   Conj/Air       1%         3x3d6     100%        6
 Eringya's Noxious Bog    Tmut/Pois      1%         4d6       100%        6
 Enfeeble                 Hex            1%         N/A       100%        7
 Orb of Destruction       Conj           1%         9d5       100%        7
 Borgnjor's Revivificati  Necr           1%         N/A       100%        8
 Maxwell's Capacitive Co  Air            1%         ∞         100%        8
 Death's Door             Necr           1%         N/A       100%        9
 Summon Small Mammal      Summ           Unusable   N/A       N/A         1
 Summon Ice Beast         Ice/Summ       Unusable   N/A       N/A         4
 Summon Lightning Spire   Summ/Air       Unusable   N/A       N/A         4
 Simulacrum               Ice/Necr       Unusable   N/A       N/A         6
 Haunt                    Necr/Summ      Unusable   N/A       N/A         7

Dungeon Overview and Level Annotations

Branches:
Dungeon (15/15)            Temple (1/1) D:7            Lair (5/5) D:9
  Swamp (4/4) Lair:3       Spider (3/4) Lair:2        Slime (0/5) Lair:5
    Orc (2/2) D:11            Elf (0/3) Orc:2        Vaults (4/5) D:14
  Crypt (0/3) Vaults:2     Depths (0/4) D:15          Sewer (visited)
  IceCv (visited)

Altars:
Ashenzari
Cheibriados
Dithmenos
Elyvilon
Fedhas
Gozag
Hepliaklqana
Kikubaaqudgha
Makhleb
Nemelex Xobeh
Okawaru
Qazlal
Ru
Sif Muna
Trog
Uskayaw
Vehumet
Wu Jian
Xom
Yredelemnul
Zin
The Shining One
Lugonu

Shops:
D:1 ?   D:4 [   D:8 !   Orc:2 ((*?[   Vaults:4 *

Annotations:
Arena Arachne


Innate Abilities, Weirdness & Mutations

You are a hulking beast.
Your limbs bulge with bestial killing power. (Slay +6)
You are very small and have problems with some larger weapons.
You are too small for most types of armour.
You have supernaturally acute eyesight. (SInv)
You cover ground extremely quickly. (Speed+++)
You have a somewhat thin skeletal structure. (Dex +2, Stealth+)
You expend magic power (3 MP) to strengthen your wands.


Message History

The stream of webbing hits you but does no damage.
You are caught in a web!
There is a web here.
You feel better.
The spectator shouts! x2
Arachne mumbles some strange words.
Arachne blinks!
The spectator shouts!
You cannot shoot with your hand crossbow while caught in a web.
The web tears apart.
Fire: z) +5 hand crossbow (flame)
Press: ? - help, Q - select action, (/) - cycle Shift-Dir - straight line, f - Arachne
Aim: Arachne, wielding a staff of poison (heavily wounded, 81% to hit)
You shoot a bolt. The spectator shouts!
The spectator shouts! x2
The bolt hits Arachne!!!
The bolt burns Arachne!!
Arachne is severely wounded.
Arachne stares at you and mumbles some strange words.
The bolt of poison misses you.
Fire: z) +5 hand crossbow (flame)
Press: ? - help, Q - select action, (/) - cycle Shift-Dir - straight line, f/p - Arachne
Aim: Arachne, wielding a staff of poison (severely wounded, 82% to hit)
You shoot a bolt. The bolt hits Arachne!
The bolt burns Arachne.
Arachne is almost dead.
Arachne says, "You'll find yourself a bit attached to my weave."
Arachne completely misses you.
The spectator susurrates to another spectator.
Arachne closely misses you.
Fire: z) +5 hand crossbow (flame)
Press: ? - help, Q - select action, (/) - cycle Shift-Dir - straight line, f/p - Arachne
Aim: Arachne, wielding a staff of poison (almost dead, 81% to hit)
You shoot a bolt. The bolt hits Arachne!
The bolt burns Arachne!
Arachne is almost dead.
Arachne hits you with a staff of poison!!
* * * LOW HITPOINT WARNING * * *
Arachne envenoms you!
You die...
Okawaru crowns Arachne victorious!

#########
##..▓▓▓..##
##..▓▓.▓▓pp##
##p.▓▓...▓▓p.##
#.p▓▓.....▓▓..#
#p▓▓.......▓▓.#
#▓▓.........▓.#
#∩▓..h.∩....▓#
#▓▓...H.....▓.#
#p▓▓.......▓▓p#
#.p▓▓.....▓▓..#
##.p▓▓...▓▓..##
##..▓▓.▓▓p.##
##..▓▓▓..##
#########


You could see Arachne.

Vanquished Creatures
  Mara (Swamp:3)
  A golden dragon (IceCv)
  Jorgrun (Swamp:2)
  Mlioglotl (Swamp:2)
  Kirke (D:14)
  A thorn hunter (Swamp:3)
  A frost giant (Vaults:4)
  A fenstrider witch (Swamp:3)
  A ghost moth (Spider:1)
  14 vault wardens
  2 very ugly things (Swamp:4)
  An orc warlord (Orc:1)
  12 ironbound preservers
  A stone giant (Vaults:3)
  Nessos (D:14)
  A broodmother (Spider:1)
  9 ironbound thunderhulks
  A formless jellyfish (Vaults:4)
  2 eleionomae
  4 dire elephants
  2 eidola (Vaults:1)
  6 bunyips
  2 green deaths (Swamp:4)
  2 crystal guardians (Vaults:4)
  An ettin (Vaults:3)
  Josephine (D:14)
  A shambling mangrove (Swamp:1)
  8 great orbs of eyes
  2 fire dragons
  4 entropy weavers
  6 ice dragons
  8 vault guards
  6 yaktaur captains
  Erolcha (D:10)
  A hell beast (Swamp:4)
  A peacekeeper (Vaults:4)
  14 hydras
  An ogre mage (D:13)
  A spriggan air mage (Arena)
  Harold (Lair:2)
  3 catoblepae
  2 ghost crabs
  18 centaur warriors
  7 ironbound frosthearts
  A death knight (D:13)
  11 two-headed ogres
  3 dancing weapons (D:14)
  14 alligators
  A deep troll shaman (Lair:5)
  11 death yaks (Lair:5)
  7 boulder beetles
  3 demonic crawlers (Spider:1)
  6 orc high priests (Orc:2)
  2 tengu warriors (D:13)
  Urug (Orc:1)
  2 large abominations (Swamp:4)
  A soul eater (D:12)
  Sonja (D:10)
  Amaemon (D:8)
  Nergalle (D:11)
  A pharaoh ant (Spider:1)
  9 goliath frogs
  An orb spider (Spider:1)
  27 deep trolls
  A wizard (Vaults:4)
  7 bog bodies
  4 spriggan druids
  An orange crystal statue (IceCv)
  A steelbarb worm (Spider:1)
  4 necromancers
  4 harpies (Vaults:1)
  15 ironbound convokers
  2 deep elf pyromancers
  15 orc knights
  14 lindwurms
  A shadow dragon zombie (Vaults:3)
  A deep elf archer (D:13)
  6 swamp dragons
  An orc sorcerer (Orc:1)
  17 ugly things
  A will-o-the-wisp (Swamp:1)
  2 stone giant zombies
  4 manticores
  8 wolf spiders
  3 cyclopes
  2 human zombies (Vaults:3)
  2 moths of wrath (Spider:3)
  4 elephants (Lair:5)
  6 black mambas
  19 vault sentinels
  8 cane toads
  A smoke demon (D:12)
  2 gargoyles (D:13)
  8 storm dragon simulacra (IceCv)
  A rust devil (D:12)
  4 orange demons
  3 torpor snails
  3 freezing wraiths
  2 rime drakes
  5 unseen horrors
  An elf skeleton (Vaults:3)
  33 yaktaurs
  9 komodo dragons
  4 efreet
  A tengu conjurer (D:13)
  3 golden dragon simulacra (IceCv)
  A red devil (D:12)
  A bloated husk (Swamp:1)
  5 meliai
  Grinder (D:3)
  7 polar bears
  4 trolls
  9 hornets
  11 tyrant leeches
  2 tarantellas (Spider:1)
  6 dream sheep (Lair:5)
  8 blink frogs
  A stone giant simulacrum (Vaults:3)
  6 jumping spiders (Spider:1)
  Sigmund (D:2)
  36 slime creatures
  8 wraiths
  3 culicivoras (Spider:1)
  69 yaks
  A vampire (D:12)
  4 wyverns
  6 spriggans
  4 shadows
  4 basilisks
  5 hogs
  A yak (shapeshifter) (D:13)
  2 steam dragons
  A hog (shapeshifter) (D:13)
  9 redbacks
  19 vampire mosquitoes
  8 wargs
  A human simulacrum (Vaults:3)
  A yaktaur simulacrum (Vaults:4)
  Edmund (D:4)
  15 swamp worms
  3 acid dragons
  12 water moccasins
  A swamp drake (Lair:3)
  4 black bears
  A black bear (shapeshifter) (D:13)
  55 orc warriors
  A sky beast (D:7)
  3 ice dragon simulacra (IceCv)
  A boggart (Vaults:3)
  17 wolves
  8 ogres
  An elf simulacrum (Vaults:4)
  A phantom (D:5)
  19 centaurs
  4 kobold brigands
  A wyvern zombie (D:8)
  12 bullfrogs
  6 scorpions
  A gnoll sergeant (D:12)
  2 human skeletons
  18 wights
  A small abomination (Swamp:4)
  5 killer bees (D:9)
  7 lindwurm simulacra (IceCv)
  An electric eel (Orc:2)
  A lava snake (D:15)
  2 centaur zombies (D:8)
  5 hounds
  28 orc priests
  Crazy Yiuf (D:3)
  A jelly (Lair:5)
  A gnoll bouda (D:4)
  Terence (D:3)
  7 iguanas
  23 orc wizards
  4 sleepcaps
  A statue (D:4)
  2 killer bee zombies (D:8)
  2 howler monkey zombies (D:8)
  9 gnolls
  10 adders
  5 river rats (Sewer)
  3 shadow imps
  3 ufetubi
  5 worms
  3 dart slugs
  89 orcs
  4 ball pythons
  4 endoplasms
  5 giant cockroaches
  11 goblins
  10 hobgoblins
  10 jackals
  11 quokkas
  14 bats
  6 frilled lizards
  21 kobolds
  7 rats
1248 creatures vanquished.

Notes
Turn   | Place    | Note
-------+----------+-------------------------------------------
     0 | D:1      | Dawnplanks the Spriggan Hunter began the quest for the Orb.
     0 | D:1      | Reached XP level 1. HP: 10/10 MP: 2/2
   152 | D:1      | Reached XP level 2. HP: 14/14 MP: 3/3
   808 | D:1      | Found Malaer's Magic Scroll Emporium.
   811 | D:1      | Bought a scroll of noise for 14 gold pieces
   811 | D:1      | Bought a scroll of identify for 28 gold pieces
   811 | D:1      | Bought a scroll of teleportation for 42 gold pieces
   982 | D:2      | Reached XP level 3. HP: 18/18 MP: 4/4
  1080 | D:2      | Found a glowing silver altar of Zin.
  1151 | D:2      | Reached skill level 5 in Ranged Weapons
  1578 | D:2      | Noticed Sigmund
  1596 | D:2      | Killed Sigmund
  1597 | D:2      | Reached skill level 6 in Ranged Weapons
  1597 | D:2      | Reached XP level 4. HP: 3/23 MP: 5/5
  1597 | D:2      | Reached XP level 5. HP: 3/26 MP: 6/6
  2135 | D:3      | Noticed Terence
  2152 | D:3      | Killed Terence
  2199 | D:3      | Found a runed translucent door.
  2200 | D:3      | Noticed Crazy Yiuf
  2201 | D:3      | Identified the +9 hammer "Kuanory" {vamp, Int+7}
  2266 | D:3      | Noticed Grinder
  2271 | D:3      | Paralysed by Grinder for 3 turns
  2282 | D:3      | Killed Grinder
  2283 | D:3      | Reached skill level 7 in Ranged Weapons
  2283 | D:3      | Reached XP level 6. HP: 27/32 MP: 7/7
  2697 | D:3      | Found a basalt altar of Yredelemnul.
  3115 | D:3      | Killed Crazy Yiuf
  3116 | D:3      | Reached XP level 7. HP: 35/35 MP: 8/8
  3192 | D:4      | Noticed Edmund
  3231 | D:4      | Killed Edmund
  3232 | D:4      | Reached skill level 8 in Ranged Weapons
  3511 | D:4      | Reached skill level 9 in Ranged Weapons
  3579 | D:4      | Reached skill level 1 in Shapeshifting
  3606 | D:4      | Reached XP level 8. HP: 40/40 MP: 9/9
  3745 | D:4      | Found Xiuneit's Armour Shop.
  4006 | D:4      | Found a white marble altar of Elyvilon.
  4007 | D:4      | Found a broken altar of Ashenzari.
  4007 | D:4      | Found a sparkling altar of Nemelex Xobeh.
  4277 | D:4      | Found a radiant altar of Vehumet.
  4568 | D:5      | Entered Level 5 of the Dungeon
  4674 | D:5      | Reached skill level 5 in Shapeshifting
  4908 | D:5      | Found a glowing drain.
  4924 | Sewer    | Entered a sewer
  5168 | Sewer    | HP: 1/40 [river rat (7)]
  5807 | D:5      | Reached XP level 9. HP: 45/45 MP: 10/10
  7027 | D:7      | Found a blossoming altar of Fedhas.
  7125 | D:7      | Reached skill level 10 in Ranged Weapons
  7197 | D:7      | Found a staircase to the Ecumenical Temple.
  7207 | Temple   | Entered the Ecumenical Temple
  7307 | Temple   | Became a worshipper of Warmaster Okawaru
  7622 | D:7      | You fall into a shaft and drop 3 floors!
  7622 | D:10     | Entered Level 10 of the Dungeon
  7674 | D:10     | Noticed Sonja
  8111 | D:7      | Reached * piety under Okawaru
  8129 | D:7      | Reached skill level 5 in Fighting
  8270 | D:8      | Reached skill level 11 in Ranged Weapons
  8603 | D:8      | Found Vixusch Xaum's Distillery.
  8610 | D:8      | Bought a potion of mutation for 96 gold pieces
  8610 | D:8      | Gained mutation: Your spells are a little easier to cast,
                  | but a little less powerful. [potion of mutation]
  8610 | D:8      | Gained mutation: You passively dampen the noise of your
                  | surroundings. [potion of mutation]
  8610 | D:8      | Gained mutation: You expend magic power (3 MP) to
                  | strengthen your wands. [potion of mutation]
  8629 | D:8      | Reached XP level 10. HP: 51/51 MP: 11/11
  8638 | D:8      | Reached ** piety under Okawaru
  8840 | D:8      | Noticed an orange demon
  8840 | D:8      | Noticed Amaemon
  8861 | D:8      | Killed an orange demon
  8907 | D:8      | Killed Amaemon
  8908 | D:8      | Reached skill level 12 in Ranged Weapons
  9274 | D:9      | Reached *** piety under Okawaru
  9331 | D:9      | Reached skill level 13 in Ranged Weapons
  9353 | D:9      | Reached **** piety under Okawaru
  9500 | D:9      | Reached XP level 11. HP: 58/58 MP: 12/12
  9553 | D:9      | Received a gift from Okawaru
  9945 | D:9      | Found a staircase to the Lair.
 10200 | D:10     | Reached skill level 1 in Invocations
 10239 | D:10     | Killed Sonja
 10239 | D:10     | Reached ***** piety under Okawaru
 10240 | D:10     | Reached skill level 14 in Ranged Weapons
 10335 | D:10     | Reached skill level 5 in Dodging
 10432 | D:10     | Noticed Erolcha
 10459 | D:10     | Killed Erolcha
 10459 | D:10     | Received a gift from Okawaru
 10611 | D:10     | Noticed a two-headed ogre
 10636 | D:10     | Killed a two-headed ogre
 10889 | D:11     | Noticed Nergalle
 10897 | D:11     | Killed Nergalle
 10897 | D:11     | Received a gift from Okawaru
 10922 | D:11     | Found a staircase to the Orcish Mines.
 11111 | D:11     | Identified the +1 war axe of Vauptip {flame, Int+6}
 11388 | D:11     | Reached XP level 12. HP: 45/64 MP: 15/15
 11605 | D:9      | Reached skill level 15 in Ranged Weapons
 11628 | Lair:1   | Entered Level 1 of the Lair of Beasts
 11969 | Lair:1   | Received a gift from Okawaru
 12051 | Lair:1   | Reached ****** piety under Okawaru
 13019 | Lair:2   | Reached skill level 5 in Invocations
 13068 | Lair:2   | Noticed a boulder beetle
 13096 | Lair:2   | Killed a boulder beetle
 13176 | Lair:2   | Found a hole to the Spider Nest.
 13177 | Lair:2   | Noticed Harold
 13192 | Lair:2   | Received a gift from Okawaru
 13427 | Lair:2   | Killed Harold
 13873 | Lair:3   | Found a staircase to the Swamp.
 13897 | Lair:3   | Reached skill level 16 in Ranged Weapons
 13907 | Lair:3   | Reached XP level 13. HP: 70/70 MP: 18/18
 14415 | Lair:4   | Identified the +1 robe of the Lost Path {rC+} (Okawaru
                  | gifted it to you on level 4 of the Lair of Beasts)
 14415 | Lair:4   | Received a gift from Okawaru
 14867 | Lair:4   | Reached skill level 10 in Fighting
 15317 | Lair:5   | Entered Level 5 of the Lair of Beasts
 15754 | Lair:5   | Found a staircase to the Slime Pits.
 15841 | Lair:5   | Found an ancient bone altar of Kikubaaqudgha.
 16134 | Lair:5   | Reached skill level 10 in Dodging
 16230 | Lair:5   | Identified the +5 hat of Okawaru's Inspiration {*Corrode
                  | Regen+ Dex+4} (Okawaru gifted it to you on level 5 of the
                  | Lair of Beasts)
 16230 | Lair:5   | Received a gift from Okawaru
 16353 | Lair:5   | Reached skill level 17 in Ranged Weapons
 16500 | Lair:5   | Reached XP level 14. HP: 75/79 MP: 20/20
 17463 | Orc:1    | Entered Level 1 of the Orcish Mines
 17728 | Orc:1    | Noticed an orc warlord
 18107 | Orc:1    | Paralysed by an orc sorcerer for 2 turns
 18352 | Orc:1    | Killed an orc warlord
 18717 | Orc:2    | Entered Level 2 of the Orcish Mines
 18916 | Orc:2    | Found Zawn's Weapon Emporium.
 18916 | Orc:2    | Found a staircase to the Elven Halls.
 19374 | Orc:2    | Identified the +2 robe of Greed {Will+} (Okawaru gifted it
                  | to you on level 2 of the Orcish Mines)
 19374 | Orc:2    | Received a gift from Okawaru
 19771 | Orc:2    | Found Muriacru's Armour Shop.
 19771 | Orc:2    | Found Qodusk's Weapon Shop.
 19772 | Orc:2    | Found Ypnitwie's Magic Scroll Shop.
 19772 | Orc:2    | Found Weanunucs's General Store.
 19782 | Orc:2    | Bought a potion of attraction for 30 gold pieces
 19786 | Orc:2    | Bought a scroll of blinking for 112 gold pieces
 20183 | Orc:1    | Noticed Urug
 20192 | Orc:1    | Killed Urug
 20406 | D:12     | Reached skill level 18 in Ranged Weapons
 20592 | D:12     | Found a stormy altar of Qazlal.
 21190 | D:12     | Found a stormy altar of Qazlal.
 21379 | D:12     | Reached XP level 15. HP: 84/84 MP: 22/22
 21819 | D:12     | Lost mutation: Your spells are a little easier to cast, but
                  | a little less powerful. [potion of mutation]
 21819 | D:12     | Lost mutation: You passively dampen the noise of your
                  | surroundings. [potion of mutation]
 21819 | D:12     | Gained mutation: You have a somewhat thin skeletal
                  | structure. (Dex +2, Stealth+) [potion of mutation]
 21967 | D:13     | Found a bloodstained altar of Trog.
 22048 | D:13     | Got the Precepts of Bewitchment
 22157 | D:13     | Received a gift from Okawaru
 22427 | D:13     | Identified the +5 flail of Puipt {holy, Int+4}
 23084 | D:13     | Received a gift from Okawaru
 23713 | D:14     | Noticed Kirke
 23873 | D:14     | Killed Kirke
 23933 | D:14     | Found a frozen archway.
 23958 | IceCv    | Entered an ice cave
 24002 | IceCv    | Received a gift from Okawaru
 24003 | IceCv    | Reached skill level 10 in Invocations
 24232 | IceCv    | Reached skill level 19 in Ranged Weapons
 24356 | IceCv    | Noticed a golden dragon
 24391 | IceCv    | Killed a golden dragon
 24445 | IceCv    | Identified the ring of Xom's Entertainment {rElec rF+ rC+
                  | Will+++ Dex-4}
 24451 | IceCv    | Identified the ring of Suod {rN+ rCorr Int+4}
 24778 | D:14     | Found a gate to the Vaults.
 24914 | D:14     | Noticed Nessos
 24927 | D:14     | Reached XP level 16. HP: 71/91 MP: 17/24
 24942 | D:14     | Killed Nessos
 24942 | D:14     | Identified the +0 hat "Iwnylugg" {Contam rCorr Int+2}
                  | (Okawaru gifted it to you on level 14 of the Dungeon)
 24942 | D:14     | Received a gift from Okawaru
 25187 | D:14     | Noticed Josephine
 25194 | D:14     | Killed Josephine
 25475 | D:14     | Found a runed translucent door.
 25560 | D:14     | Found a corrupted altar of Lugonu.
 25711 | D:15     | Entered Level 15 of the Dungeon
 25848 | D:15     | Learned a level 2 spell: Blink
 25961 | D:15     | Reached skill level 1 in Spellcasting
 25961 | D:15     | Reached skill level 1 in Translocations
 25979 | D:15     | Found a staircase to the Depths.
 26564 | Swamp:1  | Entered Level 1 of the Swamp
 27782 | Swamp:1  | Identified the +1 leather armour of the Robin {rElec rF+
                  | Int+2}
 27980 | Swamp:1  | Identified the +5 quarterstaff of Peace {freeze, rElec}
                  | (Okawaru gifted it to you on level 1 of the Swamp)
 27980 | Swamp:1  | Received a gift from Okawaru
 28161 | Spider:1 | Entered Level 1 of the Spider Nest
 29052 | Spider:1 | Received a gift from Okawaru
 30170 | Swamp:2  | Noticed Jorgrun
 30174 | Swamp:2  | Killed Jorgrun
 30184 | Swamp:2  | HP: 2/93 [bunyip (6)]
 30492 | Swamp:2  | Reached skill level 5 in Translocations
 30562 | Swamp:2  | Noticed Mlioglotl
 30569 | Swamp:2  | Killed Mlioglotl
 30953 | Swamp:3  | Reached skill level 15 in Dodging
 30953 | Swamp:3  | Reached XP level 17. HP: 81/98 MP: 26/26
 31140 | Arena    | Entered the Arena
 31408 | Swamp:3  | Noticed Mara
 31421 | Swamp:3  | Killed Mara
 31422 | Swamp:3  | Reached skill level 5 in Spellcasting
 31810 | Swamp:4  | Entered Level 4 of the Swamp
 32134 | Swamp:4  | Reached skill level 20 in Ranged Weapons
 32477 | Swamp:4  | Identified the +0 troll leather armour of Joeliul {Regen+
                  | Slay+2} (Okawaru gifted it to you on level 4 of the Swamp)
 32477 | Swamp:4  | Received a gift from Okawaru
 33079 | Swamp:4  | Reached skill level 15 in Fighting
 33127 | Swamp:4  | Got a decaying rune of Zot
 33511 | Vaults:1 | Entered Level 1 of the Vaults
 33659 | Arena    | Entered the Arena
 34778 | Vaults:1 | Reached XP level 18. HP: 66/104 MP: 28/28
 35312 | Vaults:1 | Received a gift from Okawaru
 35905 | Vaults:1 | Reached skill level 1 in Shields
 35930 | Vaults:1 | Received a gift from Okawaru
 36353 | Vaults:2 | Reached skill level 5 in Stealth
 36515 | Vaults:2 | Identified the +2 cloak "Jiosigif" {Str+6} (Okawaru gifted
                  | it to you on level 2 of the Vaults)
 36515 | Vaults:2 | Received a gift from Okawaru
 36556 | Vaults:2 | Reached skill level 5 in Shields
 37524 | Vaults:2 | Found a staircase to the Crypt.
 37579 | Vaults:2 | Identified a scroll of acquirement
 37580 | Vaults:2 | Acquired the ring "Qusugam" {Fly rPois rC- rN+++}
 37889 | Vaults:3 | Reached skill level 21 in Ranged Weapons
 37906 | Arena    | Entered the Arena
 38720 | Vaults:3 | Reached XP level 19. HP: 109/109 MP: 29/29
 38906 | Vaults:3 | Received a gift from Okawaru
 40322 | Vaults:4 | Identified the +3 hat "Wimukeeh" {Will+ Str+3 SInv}
                  | (Okawaru gifted it to you on level 4 of the Vaults)
 40322 | Vaults:4 | Received a gift from Okawaru
 40898 | Vaults:4 | Found Asui's General Store.
 40907 | Vaults:4 | Bought a potion of haste for 120 gold pieces
 40907 | Vaults:4 | Bought a potion of curing for 36 gold pieces
 41744 | Orc:2    | Bought a potion of curing for 30 gold pieces
 41744 | Orc:2    | Bought a potion of curing for 30 gold pieces
 41929 | D:8      | Bought a potion of resistance for 120 gold pieces
 41929 | D:8      | Bought a potion of curing for 36 gold pieces
 42085 | Spider:2 | You fall into a shaft and drop 1 floor!
 42108 | Spider:2 | Noticed Arachne
 42189 | Arena    | Entered the Arena
 42196 | Arena    | Slain by Arachne

Illustrated notes

Levels and vault maps discovered:
D:1:      matt_arrival_los_fun, layout_basic, serial_shops,
          nicolae_shop_rolled_up, minmay_door_square
D:2:      cheibrodos_old_hovel, layout_basic, basic_altar, grunt_ministairs_8,
          uniq_sigmund
D:3:      layout_basic, mainiacjoe_overflow_surrounded_room,
          corexii_leaking_fountain, uniq_grinder, uniq_terence,
          uniq_crazy_yiuf_cottage
D:4:      layout_basic, chequers_temple_overflow_statue_of_worship,
          vehumet_statue, serial_shops, kennysheep_mini_moat, uniq_edmund
D:5:      layout_basic, portal_sewer_entry_f
D:6:      layout_basic, nicolae_concentric_dashed_squares_wild
D:7:      wander_river, layout_loops_corners, fedhas_altar_1,
          minmay_temple_entry_sparse_star
D:8:      minmay_flawed_box, layout_rooms, serial_shops,
          nicolae_shop_rolling_square, serial_undead, serial_undead_d,
          serial_undead_c, serial_undead_b, serial_undead_a, serial_undead_e,
          serial_undead_c, serial_undead_b, serial_undead_c, uniq_amaemon
D:9:      kennysheep_steamy, layout_basic, grunt_lair_entry_orc_guard_hut,
          enter_bailey_3
D:10:     layout_roguey, minmay_tree_intersection, uniq_sonja, uniq_erolcha
D:11:     layout_rooms, orc_0_dummy, mrwooster_statue_mirror, uniq_nergalle
D:12:     layout_layer_cave, hangedman_feature_mirror,
          nicolae_demonic_statue_gallery
D:13:     minmay_quarter_circles, layout_loops_corners, trog_hazing_becter
D:14:     layout_loops_ring, david_vaults_5, portal_ice_cave_entry_pillars_four,
          nicolae_danse_macabre, uniq_josephine, uniq_kirke, uniq_nessos
D:15:     grunt_enter_depths_hoard, layout_loops_ring, kennysheep_doodads
Temple:   minmay_temple_bridge_d
Lair:1:   layout_layer_cave, nicolae_lair_grove_arrangements,
          cheibrodos_lair_reptile_den
Lair:2:   layout_small_grid, spider_nest_entry_rubble, uniq_harold
Lair:3:   layout_cellular_growth, skrybe_swamp_entry_bodies, lemuel_fruit_fields
Lair:4:   statuecave_lemuel, layout_misc_corridors
Lair:5:   grunt_lair_end_beastmaster, layout_cave_pods,
          minmay_slime_entry_pillars, basic_altar, lemuel_fruit_tree,
          infiniplex_staircase_pool_2
Swamp:1:  layout_falls_marsh, evilmike_swamp_ruin_house_5
Swamp:2:  layout_falls_marsh, evilmike_swamp_ruin_house_4, uniq_mlioglotl,
          uniq_jorgrun
Swamp:3:  layout_falls_marsh, serial_swamp_ruin, evilmike_swamp_ruin_rubble_2,
          evilmike_swamp_ruin_wall, evilmike_swamp_ruin_house_2,
          cheibrodos_swamp_witchery, uniq_mara
Swamp:4:  swamp_vile, layout_basic_swamp, swamp_pool4, grunt_lady_of_the_lake
Spider:1: layout_chambers
Spider:2: layout_spider_delve, drop_trap, uniq_arachne, uniq_aizul
Spider:3: layout_spider_delve
Orc:1:    layout_diamond_mine, minmay_orc_temple_b, uniq_urug
Orc:2:    st_orc_pillars, layout_diamond_mine, serial_shops, shop,
          nooodl_orcs_dogs
Vaults:1: nicolae_vaults_stand_back, nicolae_vaults_doubleplus_tesselated,
          nicolae_vaults_wrenched, nicolae_vaults_mini_display_case, v_rooms_1,
          v_misc_27, nicolae_vaults_double_plus_2, vaults_dpeg_ring,
          v_alt_pattern_6, nicolae_vaults_ring_of_whatevers,
          layout_vaults_omnicross
Vaults:2: nicolae_vaults_shelves_hall, ontoclasm_vaults_misaligned,
          nicolae_vaults_storage_closets_1, nicolae_vaults_tangram_2,
          nicolae_vaults_tetromino_L_2, v_misc_13, v_misc_5,
          hangedman_vaults_capsules, special_room_vaults [special_room_orc],
          layout_vaults_omnigrid
Vaults:3: v_misc_9, nicolae_vaults_stairing_the_circle,
          ontoclasm_vaults_shuriken, v_rooms_4, vaults_room_octagon,
          nicolae_vaults_shelves_hall, nicolae_vaults_double_plus_1,
          nicolae_vaults_mitosis, vaults_room_pools, nicolae_vaults_six-pack,
          nicolae_vaults_storage_room_glass, ontoclasm_vaults_idyll,
          grunt_vaults_hallway_short, nicolae_vaults_variable_pillar_hall,
          nicolae_vaults_alarming, layout_vaults_ring
Vaults:4: hangedman_vaults_stream, nicolae_vaults_more_shelving_1, v_misc_4,
          nicolae_vaults_spaceships, ontoclasm_vaults_hangar,
          ontoclasm_vaults_gallery, v_misc_19, nicolae_vaults_little_ls,
          v_misc_12, hangedman_vaults_stretched_pinwheel,
          layout_vaults_maze_snakey, serial_shops, shop
Arena

Skill      XL: |  1  2  3  4  5  6  7  8  9 10 11 12 13 14 15 16 17 18 19 |
---------------+----------------------------------------------------------+-----
Stealth        | 2 4 8 |  8.2
Ranged Weapons | 6 7 9 11 13 14 16 17 18 19 20 21 | 21.8
Fighting       | 2 3 4 5 6 8 9 11 12 13 14 15 16 | 16.6
Dodging        | 3 4 6 8 10 12 13 15 16 17 | 17.1
Shapeshifting  | 1 7 9 |  9.4
Invocations    | 3 5 7 8 10 11 12 | 12.7
Spellcasting   | 4 5 |  5.6
Translocations | 5 6 |  6.5
Shields        | 5 |  5.0

Action                     |  1- 3 |  4- 6 |  7- 9 | 10-12 | 13-15 | 16-18 | 19-21 || total
---------------------------+-------+-------+-------+-------+-------+-------+-------++-------
   Fire: Shortbow          |   126 |    79 |   478 |   684 |  1312 |       |       ||  2679
         Hand crossbow     |       |       |       |       |   312 |  1230 |   382 ||  1924
   Cast: Blink             |       |       |       |       |       |     2 |       ||     2
 Invoke: Finesse           |       |       |       |       |     3 |     9 |       ||    12
         Heroism           |       |       |       |       |     3 |     4 |       ||     7
         Duel              |       |       |       |       |       |     3 |     1 ||     4
    Use: Scroll            |     1 |     2 |     3 |     8 |     8 |    12 |     2 ||    36
         Potion            |     2 |       |     2 |     2 |     1 |    13 |     2 ||    22
 Armour: Robe              |     3 |       |    12 |       |     7 |    10 |     1 ||    33
         Steam dragon scal |       |       |       |     6 |     1 |       |       ||     7
  Dodge: Dodged            |    37 |     4 |    78 |   106 |   221 |   451 |   163 ||  1060
  Block: Other             |       |       |     6 |    37 |    30 |    73 |    25 ||   171
         Reflection        |       |       |     1 |     6 |    10 |    23 |     1 ||    41
   Form: Beast             |       |       |     1 |       |       |     2 |       ||     3
                           |       |       |       |       |     1 |     1 |       ||     2

Table legend: (Time is in decaauts)
 A = Elapsed time spent in this place.
 B = Non-inter-level travel time spent in this place.
 C = Inter-level travel time spent in this place.
 D = Time resting spent in this place.
 E = Time spent auto-exploring this place.
 F = Levels seen in this place.
 G = Mean time per level.
                   A        B        C        D        E       F      G
               +--------+--------+--------+--------+--------+-----+--------+
         Total |  30859 |  28670 |   2189 |   4008 |  17767 |  40 |  771.5 |
       Dungeon |  11880 |  10921 |    959 |    816 |   7648 |  15 |  792.0 |
        Temple |    104 |     46 |     58 |      0 |     39 |   1 |  104.0 |
          Lair |   4840 |   4366 |    474 |    748 |   2529 |   5 |  968.0 |
         Swamp |   3387 |   3222 |    165 |   1220 |   1396 |   4 |  846.8 |
   Spider Nest |   1245 |   1174 |     71 |     65 |    955 |   3 |  415.0 |
  Orcish Mines |   1916 |   1734 |    182 |    195 |    827 |   2 |  958.0 |
        Vaults |   6222 |   5943 |    279 |    866 |   3604 |   4 | 1555.5 |
         Sewer |    660 |    660 |      0 |      0 |    533 |   1 |  660.0 |
      Ice Cave |    535 |    535 |      0 |     56 |    232 |   1 |  535.0 |
         Arena |     66 |     66 |      0 |     41 |      0 |   4 |   16.5 |
               +--------+--------+--------+--------+--------+-----+--------+

Top non-repeatable levels by time:
Vaults:1: 2069 daAuts
    D:13: 1736 daAuts
Vaults:3: 1541 daAuts
Vaults:2: 1485 daAuts
  Lair:3: 1421 daAuts
  Lair:5: 1222 daAuts
Spider:1: 1129 daAuts
Vaults:4: 1125 daAuts
 Swamp:4: 1075 daAuts
   Orc:2: 1064 daAuts
     D:4: 1018 daAuts
    D:12: 963 daAuts
 Swamp:1: 943 daAuts
     D:9: 912 daAuts
    D:14: 867 daAuts
